 Dungeon Crawl Stone Soup version 0.25-a0-340-ga1faa1601d (webtiles) character file.

Game seed: 14709313464563685743, levelgen mode: classic

404167 Borgoz the Gargoyle Blade (level 23, -15/155 HPs)
             Began as a Gargoyle Fighter on Dec 30, 2019.
             Was the Champion of Okawaru.
             Killed from afar by a deep elf high priest (23 damage)
             ... with damnation
             ... on level 3 of the Elven Halls.
             The game lasted 02:21:06 (45862 turns).

Borgoz the Gargoyle Blade (Gargoyle Fighter)       Turns: 45862, Time: 02:21:06

Health: -15/155    AC: 47    Str: 26    XL:     23   Next: 36%
Magic:  0/30       EV: 15    Int: 20    God:    Okawaru [******]
Gold:   2338       SH:  0    Dex: 20    Spells: 28/32 levels left

rFire    + + +     SeeInvis +   a - +5 great sword of Zinuu {speed, Str+3}
rCold    + + +     Gourm    .   (shield currently unavailable)
rNeg     + + .     Faith    .   r - +0 crystal plate armour "Fasmenin" {rElec rPois rF+ Str-3}
rPois    ∞         Spirit   +   d - +1 helmet of the Enchanted Forest {*Drain Int+4 SInv}
rElec    +         Reflect  .   V - +1 cloak of the Armoured One {rF+ Int+3}
rCorr    .         Harm     .   C - +1 pair of gloves of the Centipede {rC+ rN+}
MR       +++..                  i - +1 pair of boots "Lipn" {*Corrode rF+ rC+++ Slay+2}
Stlth    ..........             u - amulet of guardian spirit
HPRegen  0.35/turn              z - ring "Ciufopsayp" {rC- Dex+6 Slay+6 Stlth+}
MPRegen  0.22/turn              w - ring of the Mage {Wiz MR++ Int+3}

@: about to teleport, corroded, flying, studying Translocations
A: big wings, see invisible, clever 1, mutation resistance 1, negative energy
resistance 1, electricity resistance, unbreathing, petrification resistance, rot
immunity, AC +17
}: 2/15 runes: serpentine, barnacled
a: Stop Flying, Heroism, Finesse, Renounce Religion


You were on level 3 of the Elven Halls.
You worshipped Okawaru.
Okawaru was exalted by your worship.
You were not hungry.

You visited 7 branches of the dungeon, and saw 38 of its levels.
You visited the Abyss 1 time.
You also visited: Trove, Gauntlet, Ice Cave, Volcano and Wizlab.

You collected 5445 gold pieces.
You spent 3107 gold pieces at shops.

Inventory:

Hand Weapons
 a - the +5 great sword of Zinuu (weapon) {speed, Str+3}
   (Okawaru gifted it to you on level 2 of the Elven Halls)

   Attacks with this weapon are significantly faster.
   It affects your strength (+3).
 b - the +9 great sword "Zailut" {vamp, Dex+2}
   (You found it on level 14 of the Dungeon)

   It inflicts no extra harm, but heals its wielder when it wounds a living foe.
   It affects your dexterity (+2).
 m - a +0 great sword of flaming
 y - a +7 long sword of holy wrath
 T - the +6 great sword of the Crypt {drain, rPois MR+}
   (Okawaru gifted it to you on level 2 of the Snake Pit)

   A truly terrible weapon, it drains the life of those it strikes.
   It protects you from poison.
   It affects your resistance to hostile enchantments.
Missiles
 A - 11 throwing nets (quivered)
Armour
 d - the +1 helmet of the Enchanted Forest (worn) {*Drain Int+4 SInv}
   (You bought it in a shop on level 13 of the Dungeon)

   It affects your intelligence (+4).
   It lets you see invisible.
   It causes draining when unequipped.
 g - the +1 plate armour "Neakhlep" {+Blink rCorr Int-2}
   (You bought it in a shop on level 13 of the Dungeon)

   It affects your intelligence (-2).
   It lets you blink.
   It provides partial protection from all sources of acid and corrosion.
 i - the +1 pair of boots "Lipn" (worn) {*Corrode rF+ rC+++ Slay+2}
   (You found it on level 6 of the Dungeon)

   It affects your accuracy and damage with ranged weapons and melee attacks
   (+2).
   It protects you from fire.
   It renders you almost immune to cold.
   It may corrode you when you take damage.
 n - a scarf of cloud immunity
 r - the +0 crystal plate armour "Fasmenin" (worn) {rElec rPois rF+ Str-3}
   (Okawaru gifted it to you on level 3 of the Vaults)

   It affects your strength (-3).
   It protects you from fire.
   It insulates you from electricity.
   It protects you from poison.
 C - the +1 pair of gloves of the Centipede (worn) {rC+ rN+}
   (Okawaru gifted it to you on level 1 of the Lair of Beasts)

   It protects you from cold.
   It protects you from negative energy.
 L - a +1 shield of reflection
 O - the +2 hat of Inevitability {-Tele rCorr Dex+2}
   (You found it on level 4 of the Vaults)

   It affects your dexterity (+2).
   It prevents most forms of teleportation.
   It provides partial protection from all sources of acid and corrosion.
 V - the +1 cloak of the Armoured One (worn) {rF+ Int+3}
   (You found it on level 13 of the Dungeon)

   It affects your intelligence (+3).
   It protects you from fire.
Jewellery
 j - the amulet of Wu Jian's Displeasure {Gourm rElec rC++}
   (You found it in a treasure trove)

   [amulet of the gourmand]

   It allows you to eat raw meat even when not hungry.
   It greatly protects you from cold.
   It insulates you from electricity.
 u - an amulet of guardian spirit (around neck)
 w - the ring of the Mage (right hand) {Wiz MR++ Int+3}
   (You found it on level 12 of the Dungeon)

   [ring of wizardry]

   It improves your spell success rate.
   It affects your intelligence (+3).
   It affects your resistance to hostile enchantments.
 x - an uncursed ring of protection from fire
 z - the ring "Ciufopsayp" (left hand) {rC- Dex+6 Slay+6 Stlth+}
   (You bought it in a shop on level 1 of the Orcish Mines)

   [ring of stealth]

   It affects your dexterity (+6).
   It affects your accuracy and damage with ranged weapons and melee attacks
   (+6).
   It makes you vulnerable to cold.
   It makes you more stealthy.
 I - the amulet "Karant" {Harm *Drain rN+ Dex-3 Stlth+}
   (You found it in a wizard's laboratory)

   [amulet of harm]

   It increases damage dealt and taken.
   It affects your dexterity (-3).
   It protects you from negative energy.
   It causes draining when unequipped.
   It makes you more stealthy.
 J - an uncursed amulet of rage
Wands
 h - a wand of scattershot (8)
 o - a wand of iceblast (16)
 B - a wand of paralysis (10)
 H - a wand of clouds (4)
 P - a wand of acid (24)
 Y - a wand of disintegration (13)
Scrolls
 e - 14 scrolls of remove curse
 q - 3 scrolls of fear
 t - 5 scrolls of blinking
 v - 16 scrolls of teleportation
 D - 5 scrolls of magic mapping
 N - 6 scrolls of summoning
 S - 2 scrolls of fog
Potions
 c - a potion of berserk rage
 k - 5 potions of agility
 l - a potion of ambrosia
 p - 4 potions of haste
 s - 2 potions of curing
 E - 5 potions of heal wounds
 F - 4 potions of might
 G - a potion of cancellation
 K - 16 potions of mutation
 M - a potion of brilliance
 R - 2 potions of resistance
Books
 Q - a manual of Translocations
Comestibles
 f - 64 rations
 U - 4 chunks of flesh


   Skills:
 + Level 19.0 Fighting
 * Level 21.7 Long Blades
 + Level 19.0 Armour
 + Level 13.9 Dodging
 + Level 7.3 Shields
 - Level 5.0 Spellcasting
 + Level 4.1 Hexes
 - Level 10.0 Invocations


You had 28 spell levels left.
You knew the following spells:

 Your Spells              Type           Power        Failure   Level  Hunger
a - Confusing Touch       Hex            ###...       12%         1    None
b - Confuse               Hex            ###.....     34%         3    ##.....

Your spell library contained the following spells:

 Spells                   Type           Power        Failure   Level  Hunger
 Corona                   Hex            ###....      12%         1    None
 Tukima's Dance           Hex            ###.....     34%         3    ##.....
 Ensorcelled Hibernation  Hex/Ice        ##....       38%         2    None
 Animate Skeleton         Necr           N/A          52%         1    None
 Apportation              Tloc           #.....       52%         1    None
 Beastly Appendage        Tmut           #.....       52%         1    None
 Infusion                 Chrm           #...         52%         1    None
 Magic Dart               Conj           #...         52%         1    None
 Pain                     Necr           #...         52%         1    None
 Sting                    Tmut/Pois      #...         52%         1    None
 Summon Small Mammal      Summ           #...         52%         1    None
 Dazzling Flash           Conj/Hex       ##....       61%         3    ##.....
 Spectral Weapon          Hex/Chrm       ##......     61%         3    ##.....
 Summon Guardian Golem    Hex/Summ       ##......     61%         3    ##.....
 Call Imp                 Summ           #.......     67%         2    None
 Corpse Rot               Necr/Air       N/A          67%         2    None
 Passwall                 Tmut/Erth      #.......     67%         2    None
 Poisonous Vapours        Pois/Air       #.....       67%         2    None
 Searing Ray              Conj           #.....       67%         2    None
 Shroud of Golubria       Chrm/Tloc      #.....       67%         2    None
 Song of Slaying          Chrm           #.......     67%         2    None
 Sticks to Snakes         Tmut           #.......     67%         2    None
 Swiftness                Chrm/Air       #.......     67%         2    None
 Call Canine Familiar     Summ           #.......     87%         3    ##.....
 Conjure Flame            Conj/Fire      #.......     87%         3    ##.....
 Ignite Poison            Fire/Tmut/Pois #.......     87%         3    ##.....
 Mephitic Cloud           Conj/Pois/Air  #.......     87%         3    ##.....
 Regeneration             Chrm/Necr      #.........   87%         3    ##.....
 Static Discharge         Conj/Air       #.......     87%         3    ##.....
 Vampiric Draining        Necr           #.........   87%         3    ##.....
 Fulminant Prism          Conj/Hex       ##........   94%         4    ####...
 Animate Dead             Necr           N/A          99%         4    ####...
 Ice Form                 Ice/Tmut       #.......     99%         4    ####...
 Iskenderun's Mystic Bla  Conj/Tloc      #.......     99%         4    ####...
 Passage of Golubria      Tloc           N/A          99%         4    ####...
 Petrify                  Tmut/Erth      #.......     99%         4    ####...
 Summon Ice Beast         Ice/Summ       #.......     99%         4    ####...
 Summon Lightning Spire   Summ/Air       #.......     99%         4    ####...
 Agony                    Necr           #.......     100%        5    #####..
 Alistair's Intoxication  Tmut/Pois      #.......     100%        5    #####..
 Bolt of Magma            Conj/Fire/Erth #.........   100%        5    #####..
 Dispel Undead            Necr           #.......     100%        5    #####..
 Excruciating Wounds      Chrm/Necr      #.........   100%        5    #####..
 Fireball                 Conj/Fire      #.........   100%        5    #####..
 Irradiate                Conj/Tmut      #.........   100%        5    #####..
 Iskenderun's Battlesphe  Conj/Chrm      #.......     100%        5    #####..
 Lee's Rapid Deconstruct  Erth           #.........   100%        5    #####..
 Lightning Bolt           Conj/Air       #.........   100%        5    #####..
 Yara's Violent Unravell  Hex/Tmut       ##........   100%        5    #####..
 Darkness                 Hex            ###.......   100%        6    #######
 Deflect Missiles         Chrm/Air       #.........   100%        6    #######
 Eringya's Noxious Bog    Tmut/Pois      #.........   100%        6    #######
 Freezing Cloud           Conj/Ice/Air   #.........   100%        6    #######
 Hydra Form               Tmut           #.........   100%        6    #######
 Invisibility             Hex            ###.....     100%        6    #######
 Iron Shot                Conj/Erth      #.........   100%        6    #######
 Starburst                Conj/Fire      #.........   100%        6    #######
 Orb of Destruction       Conj           #.........   100%        7    #######
 Ring of Flames           Chrm/Fire      #.........   100%        7    #######
 Spellforged Servitor     Conj/Summ      #.........   100%        7    #######
 Controlled Blink         Tloc           N/A          100%        8    #######
 Ignition                 Fire           #.........   100%        8    #######
 Shatter                  Erth           #.........   100%        9    #######
 Tornado                  Air            #.........   100%        9    #######
 Sublimation of Blood     Necr           Unusable     N/A         2    N/A

Dungeon Overview and Level Annotations

Branches:
Dungeon (15/15)            Temple (0/1) D:5            Lair (6/6) D:10
 Shoals (4/4) Lair:3        Snake (4/4) Lair:4        Slime (0/5) Lair:6
    Orc (2/2) D:12            Elf (3/3) Orc:2        Vaults (4/5) D:13
  Crypt (0/3) Vaults:2     Depths (0/5) D:15          IceCv (visited)
Volcano (visited)          WizLab (visited)         Gauntlet (visited)

Altars:
Ashenzari
Cheibriados
Dithmenos
Elyvilon
Gozag
Kikubaaqudgha
Makhleb
Nemelex Xobeh
Okawaru
Qazlal
Ru
Trog
Vehumet
Zin
Beogh

Shops:
D:4 ?   D:13 [=   Orc:1 =   Orc:2 !!:[   Shoals:4 (   Snake:3 [   Vaults:1 }
Vaults:2 *


Innate Abilities, Weirdness & Mutations

You are resistant to torment.
Your stone body is resilient. (AC +17)
You are immune to poison.
Your large and strong wings let you fly indefinitely.
You resist negative energy. (rN+)
You are resistant to electric shocks. (rElec)
You can survive without breathing.
You are immune to petrification.
You are immune to rotting.
You have supernaturally acute eyesight. (SInv)
Your mind is acute. (Int +2)
You are somewhat resistant to further mutation.


Message History

* * * LOW HITPOINT WARNING * * *
The deep elf archer unwields a +0 short sword.
The deep elf archer wields a +0 shortbow.
The deep elf archer shoots an arrow.
The arrow hits you!
* * * LOW HITPOINT WARNING * * *
You see here an arrow.
Okay, then.
As you read the scroll of teleportation, it crumbles to dust.
You feel strangely unstable.
The deep elf knight points at you and mumbles some strange words.
The stone arrow hits you.
* * * LOW HITPOINT WARNING * * *
The deep elf high priest invokes the aid of its god against you.
Something smites you!
* * * LOW HITPOINT WARNING * * *
The deep elf knight points at you and mumbles some strange words.
The lance of force hits you but does no damage.
The deep elf high priest calls down the wrath of its god upon you.
The sphere of damnation explodes!
The damnation engulfs you!!
You die...

#).##.#...##.##.# ##..[.....
#..#..#.⌠.#...#.# ####.#.##
#.....#...#.♣.#.## #.#.##
#.....##.##...#..* #.#...
#.....######.##..*** #.####
#.........#####..,,* #.#**#
#...............#*.# #..,,.
#...##.###.#.##.##.## ##****
#..........#.##.@...#
########.....##(##..#####***
###.#.##.##.......,,***
#.#...e......#..,,,,*
#.....)4........,,,,*
###.e...).......,,,,****
#..)..........,,,,*,,,
##..e....^.....,,,,,,,,
#e...3.........,,,,,,,,


You could see a deep elf demonologist, a deep elf knight and a deep elf high
priest.

Vanquished Creatures
  Mennas (Vaults:2)
  Bai Suzhen (Shoals:2)
  Vashnia (Snake:2)
  Saint Roka (Orc:2)
  Nikola (Vaults:1)
  A mutant beast (WizLab)
  2 liches (Vaults:4)
  Jorgrun (Orc:2)
  A quicksilver dragon (Abyss:4)
  Asterion (Snake:4)
  Polyphemus (Shoals:3)
  A sphinx (Vaults:4)
  A tentacled starspawn (Abyss:4)
  Kirke (Snake:2)
  Donald (Orc:2)
  2 tengu reavers
  9 nagarajas
  3 vault wardens
  4 deep elf sorcerers
  Aizul (Shoals:4)
  3 frost giants
  A ghoul (Vaults:2)
  A deep elf elementalist (Elf:3)
  9 ironheart preservers
  Louise (Snake:2)
  13 very ugly things
  4 stone giants
  5 deep elf demonologists
  4 dire elephants (Lair:6)
  A red draconian (Volcano)
  7 deep elf annihilators
  A minotaur (Gauntlet)
  4 ettins
  Snorg (Lair:3)
  7 deep elf death magi
  2 merfolk javelineers
  4 crystal guardians
  2 fire dragons
  A great orb of eyes (shapeshifter) (Vaults:3)
  Josephine (D:14)
  A death ooze (Gauntlet)
  7 yaktaur captains
  11 merfolk impalers
  A deep elf high priest (Elf:3)
  A rakshasa (Vaults:1)
  5 vault guards
  11 naga warriors
  6 hydras
  Fannar (D:11)
  2 alligator snapping turtles (Shoals:1)
  3 great orbs of eyes
  2 ice dragons
  2 catoblepae
  11 merfolk aquamancers
  3 merfolk avatars
  7 centaur warriors
  Erica (D:8)
  21 anacondas
  2 death knights
  6 ogre magi
  A deep troll earth mage (Vaults:3)
  A deep troll shaman (Vaults:3)
  25 dancing weapons
  4 thrashing horrors
  3 tengu warriors
  26 two-headed ogres
  4 death yaks (Shoals:3)
  7 orc high priests (Orc:2)
  2 vampire magi
  Urug (D:11)
  16 naga sharpshooters
  22 deep elf knights
  6 shock serpents
  2 wretched stars (Abyss:3)
  The ghost of bmj180 the Cutter, a novice DrWr of Sif Muna (D:8)
  An iron golem (WizLab)
  A sixfirhy (Gauntlet)
  17 sea snakes
  4 deep trolls
  3 salamander mystics (Snake:4)
  2 unseen horrors
  10 skeletal warriors
  2 glowing orange brains
  A death drake (shapeshifter) (WizLab)
  An unseen horror (shapeshifter) (WizLab)
  12 deep elf archers
  34 harpies
  8 ironbrand convokers
  9 naga ritualists
  A phantasmal warrior (Vaults:4)
  3 wizards
  A kraken simulacrum (Shoals:4)
  A wolf spider zombie (D:14)
  9 mana vipers
  Pikel (D:8)
  20 ugly things
  67 deep elf magi
  5 necromancers
  A frost giant zombie (D:15)
  2 orc sorcerers
  3 wolf spiders
  12 orc knights
  An orb spider (shapeshifter) (WizLab)
  A worldbinder (Abyss:3)
  A moth of wrath (D:8)
  16 salamanders
  13 fauns
  6 cyclopes
  A manticore (shapeshifter) (Vaults:1)
  Maurice (D:8)
  A cyclops (shapeshifter) (WizLab)
  13 manticores
  A salamander (shapeshifter) (Vaults:1)
  24 naga magi
  An elephant (shapeshifter) (WizLab)
  12 merfolk sirens
  4 elephants (Lair:6)
  8 water nymphs
  A black mamba (shapeshifter) (Vaults:4)
  12 guardian serpents
  6 centaur skeletons
  2 gargoyles
  3 ice statues
  11 vault sentinels
  41 black mambas
  2 molten gargoyles (Volcano)
  6 spiny frogs
  A rime drake (Lair:3)
  3 spiny frogs (shapeshifter)
  A hellion (Abyss:4)
  17 yaktaurs
  5 komodo dragons
  A komodo dragon (shapeshifter) (WizLab)
  4 freezing wraiths
  8 ice devils (IceCv)
  A guardian mummy (D:15)
  2 tengu conjurers
  3 polar bears
  2 ancient zymes (Abyss:4)
  2 trolls (shapeshifter) (WizLab)
  9 trolls
  A polar bear (shapeshifter) (WizLab)
  A jumping spider (shapeshifter) (WizLab)
  A meliai (shapeshifter) (WizLab)
  A queen bee (shapeshifter) (Vaults:1)
  6 wind drakes
  32 merfolk
  A wolf spider simulacrum (D:13)
  A hornet (shapeshifter) (WizLab)
  A wind drake (shapeshifter) (WizLab)
  3 hornets
  13 slime creatures
  27 blink frogs
  15 hippogriffs
  3 blink frogs (shapeshifter) (WizLab)
  A spriggan zombie (D:15)
  A snapping turtle (shapeshifter) (WizLab)
  7 snapping turtles
  3 shadows
  3 dream sheep (Shoals:3)
  4 air elementals
  A spriggan (shapeshifter) (WizLab)
  2 spriggans
  2 spriggan skeletons (D:15)
  Eustachio (D:6)
  28 water elementals
  A wyvern (D:13)
  8 wraiths
  3 fire elementals
  7 hogs
  5 fire bats
  50 yaks
  A yak (shapeshifter) (WizLab)
  2 hungry ghosts
  2 golden eyes (shapeshifter) (WizLab)
  A basilisk (shapeshifter) (WizLab)
  A steam dragon (D:8)
  A basilisk (Lair:6)
  9 vampire mosquitoes
  72 nagas
  13 wargs
  15 large abominations
  An acid dragon (Vaults:1)
  Duvessa (D:5)
  An acid dragon (shapeshifter) (Abyss:3)
  7 water moccasins
  4 floating eyes (WizLab)
  4 porcupines
  5 black bears
  42 orc warriors
  3 eyes of draining (shapeshifter)
  7 phantoms
  10 ice beasts
  2 sky beasts
  A wolf (shapeshifter) (D:13)
  2 eyes of draining
  4 slaves (D:8)
  16 boggarts
  20 ogres
  14 wolves
  18 centaurs
  14 crocodiles
  A big kobold (D:13)
  14 bullfrogs
  An elf zombie (Elf:1)
  A big kobold (shapeshifter) (Vaults:3)
  2 earth elementals (Elf:1)
  2 wyvern zombies
  Dowan (D:5)
  2 wyvern skeletons
  2 scorpions
  6 small abominations (WizLab)
  2 human simulacra (Vaults:2)
  3 killer bees (D:5)
  5 wights (D:7)
  3 howler monkeys
  4 electric eels (Lair:3)
  7 lava snakes (Volcano)
  7 crimson imps
  3 draconian simulacra (IceCv)
  3 bullfrog skeletons
  4 centaur zombies
  A bullfrog zombie (D:6)
  7 hounds
  6 jellies
  27 orc wizards
  Crazy Yiuf (D:5)
  45 orc priests
  11 iguanas
  13 worker ants
  Natasha (twice) (D:4)
  A troll simulacrum (IceCv)
  4 hell rats (Lair:5)
  A killer bee zombie (D:8)
  2 centaur simulacra (IceCv)
  2 hound skeletons
  A worker ant zombie (D:6)
  4 gnolls
  19 adders
  2 naga simulacra (IceCv)
  3 ogre simulacra
  6 shadow imps
  3 white imps (Lair:4)
  4 ufetubi (Gauntlet)
  An ooze (D:2)
  2 adder zombies (D:5)
  2 adder skeletons
  3 worms
  2 dart slugs (D:1)
  2 leopard geckos
  131 orcs
  3 ball pythons
  4 bats
  3 giant cockroaches
  7 goblins
  3 hobgoblins
  5 jackals
  6 quokkas
  3 frilled lizards
  A jackal skeleton (D:6)
  13 kobolds
  A leopard gecko skeleton (D:6)
  A quokka skeleton (D:6)
  9 rats
  2 fungi (Lair:1)
  5 plants
  A starspawn tentacle (Abyss:4)
  A tentacle (Shoals:4)
1785 creatures vanquished.

Vanquished Creatures (others)
  A harpy (Shoals:3)
  A salamander (shapeshifter) (WizLab)
  2 merfolk (Shoals:3)
  A naga (Snake:4)
  2 centaurs (Vaults:1)
  An orc (Vaults:1)
  13 plants
  3 starspawn tentacles (Abyss:4)
  3 tentacles (Shoals:4)
27 creatures vanquished.

Grand Total: 1812 creatures vanquished

Notes
Turn   | Place    | Note
-------+----------+-------------------------------------------
     0 | D:1      | Borgoz the Gargoyle Fighter began the quest for the Orb.
     0 | D:1      | Reached XP level 1. HP: 14/14 MP: 1/1
    60 | D:1      | Reached skill level 2 in Long Blades
    60 | D:1      | Reached XP level 2. HP: 19/19 MP: 2/2
   597 | D:1      | Reached XP level 3. HP: 17/23 MP: 3/3
  1157 | D:2      | Found a bloodstained altar of Trog.
  1270 | D:2      | Reached XP level 4. HP: 25/29 MP: 4/4
  1315 | D:2      | Found an ancient bone altar of Kikubaaqudgha.
  1664 | D:2      | Reached skill level 3 in Long Blades
  1827 | D:3      | Found an opulent altar of Gozag.
  2028 | D:4      | Reached XP level 5. HP: 16/33 MP: 2/5
  2036 | D:4      | Noticed Natasha
  2040 | D:4      | Gained mutation: You have supernaturally acute eyesight.
                  | (SInv) [potion of mutation]
  2040 | D:4      | Gained mutation: You are somewhat resistant to further
                  | mutation. [potion of mutation]
  2040 | D:4      | Gained mutation: Your mind is acute. (Int +2) [potion of
                  | mutation]
  2046 | D:4      | Killed Natasha
  2277 | D:4      | Found Luxoazo's Magic Scroll Emporium.
  2287 | D:4      | Bought a scroll of identify for 24 gold pieces
  2287 | D:4      | Bought a scroll of identify for 24 gold pieces
  2287 | D:4      | Bought a scroll of remove curse for 36 gold pieces
  2310 | D:4      | Reached XP level 6. HP: 34/38 MP: 6/6
  2408 | D:4      | Noticed Natasha
  2413 | D:4      | Killed Natasha
  2413 | D:4      | Reached skill level 4 in Long Blades
  2503 | D:4      | Found an iron altar of Okawaru.
  2654 | D:4      | Became a worshipper of Warmaster Okawaru
  2755 | D:5      | Entered Level 5 of the Dungeon
  2796 | D:5      | Found a shadowy altar of Dithmenos.
  2820 | D:5      | Noticed a phantom
  2862 | D:5      | Killed a phantom
  2862 | D:5      | Reached XP level 7. HP: 42/44 MP: 7/7
  2973 | D:5      | Found a white marble altar of Elyvilon.
  2974 | D:5      | Noticed Duvessa
  2975 | D:5      | Found a radiant altar of Vehumet.
  2975 | D:5      | Noticed Dowan
  2992 | D:5      | Killed Duvessa
  2999 | D:5      | Killed Dowan
  2999 | D:5      | Reached * piety under Okawaru
  2999 | D:5      | Reached skill level 5 in Fighting
  2999 | D:5      | Reached skill level 5 in Armour
  2999 | D:5      | Reached skill level 5 in Shields
  3000 | D:5      | Found a shattered altar of Ashenzari.
  3090 | D:5      | Reached skill level 5 in Long Blades
  3105 | D:5      | Found a staircase to the Ecumenical Temple.
  3181 | D:5      | Reached XP level 8. HP: 29/50 MP: 3/8
  3445 | D:5      | Reached ** piety under Okawaru
  3445 | D:5      | Reached skill level 6 in Long Blades
  4029 | D:5      | Found a runed translucent door.
  4030 | D:5      | Noticed Crazy Yiuf
  4138 | D:5      | Killed Crazy Yiuf
  4202 | D:6      | Reached skill level 1 in Invocations
  4349 | D:6      | Got a pair of warped boots
  4355 | D:6      | Identified the +1 pair of boots "Lipn" {*Corrode rF+ rC+++
                  | Slay+2} (You found it on level 6 of the Dungeon)
  4390 | D:6      | Noticed Eustachio
  4399 | D:6      | Killed Eustachio
  4575 | D:6      | Reached XP level 9. HP: 53/56 MP: 8/10
  4609 | D:6      | Reached skill level 7 in Long Blades
  4795 | D:6      | Reached *** piety under Okawaru
  5009 | D:7      | Received a gift from Okawaru
  5039 | D:7      | Reached skill level 8 in Long Blades
  5092 | D:7      | Found a sparkling altar of Nemelex Xobeh.
  6303 | D:8      | Noticed Maurice
  6316 | D:8      | Killed Maurice
  6316 | D:8      | Reached **** piety under Okawaru
  6316 | D:8      | Reached XP level 10. HP: 64/64 MP: 13/13
  6395 | D:8      | Found a transporter.
  6402 | D:8      | Noticed a moth of wrath
  6402 | D:8      | Noticed bmj180's ghost (novice DrWr)
  6416 | D:8      | Found a transporter.
  6439 | D:8      | Noticed Pikel
  6522 | D:8      | Killed Pikel
  6522 | D:8      | Reached skill level 5 in Invocations
  6689 | D:8      | Reached skill level 9 in Long Blades
  6715 | D:8      | Noticed Erica
  6729 | D:8      | Killed Erica
  7150 | D:9      | Reached ***** piety under Okawaru
  7529 | D:9      | Reached XP level 11. HP: 65/69 MP: 12/15
  7705 | D:9      | Found a stormy altar of Qazlal.
  7815 | D:10     | Entered Level 10 of the Dungeon
  7815 | D:10     | Noticed a two-headed ogre
  7823 | D:10     | Killed a two-headed ogre
  7823 | D:10     | Reached skill level 10 in Long Blades
  8017 | D:6      | Got a faintly glowing dagger
  8170 | D:10     | Learned a level 3 spell: Confuse
  8266 | D:10     | Received a gift from Okawaru
  8370 | D:10     | Reached skill level 1 in Dodging
  8481 | D:10     | Found a staircase to the Lair.
  8517 | D:10     | Found a glowing silver altar of Zin.
  8998 | D:11     | Noticed a two-headed ogre
  9001 | D:11     | Noticed an unseen horror
  9004 | D:11     | Killed a two-headed ogre
  9037 | D:11     | Killed an unseen horror
  9037 | D:11     | Reached ****** piety under Okawaru
  9037 | D:11     | Received a gift from Okawaru
  9104 | D:11     | Noticed Fannar
  9105 | D:11     | Noticed Urug
  9105 | D:11     | Noticed a purple ugly thing
  9130 | D:11     | Killed a purple ugly thing
  9137 | D:11     | Killed Urug
  9137 | D:11     | Reached skill level 11 in Long Blades
  9155 | D:11     | Killed Fannar
  9155 | D:11     | Reached XP level 12. HP: 59/77 MP: 15/17
  9228 | D:11     | Reached skill level 10 in Fighting
  9286 | D:11     | Reached skill level 10 in Armour
  9643 | D:11     | Noticed a vault guard
  9657 | D:11     | Killed a vault guard
  9663 | D:11     | Found a portal to a secret trove of treasure.
  9780 | D:11     | Noticed a two-headed ogre
  9788 | D:11     | Killed a two-headed ogre
  9889 | D:12     | Found the ring of the Mage {Wiz MR++ Int+3}
  9943 | D:12     | Noticed a two-headed ogre
  9966 | D:12     | Killed a two-headed ogre
 10226 | D:12     | Found a staircase to the Orcish Mines.
 10289 | D:12     | Received a gift from Okawaru
 10346 | D:12     | Noticed a two-headed ogre
 10355 | D:12     | Reached skill level 12 in Long Blades
 10404 | D:11     | Killed a two-headed ogre
 10749 | D:12     | Reached XP level 13. HP: 83/83 MP: 19/19
 10864 | D:12     | Received a gift from Okawaru
 10873 | D:12     | Got a smoking ring mail {god gift}
 10884 | D:12     | Identified the +2 ring mail "Cyosucwa" {Stlth+} (Okawaru
                  | gifted it to you on level 12 of the Dungeon)
 11049 | D:13     | Found a frozen archway.
 11130 | D:13     | Noticed a frost giant
 11131 | D:13     | Noticed a stone giant
 11150 | D:13     | Killed a frost giant
 11160 | D:13     | Killed a stone giant
 11166 | D:13     | Found a snail-covered altar of Cheibriados.
 11166 | D:13     | Found a burning altar of Makhleb.
 11224 | D:13     | Got a faintly humming cloak
 11240 | D:13     | Identified the +1 cloak of the Armoured One {rF+ Int+3}
                  | (You found it on level 13 of the Dungeon)
 11271 | IceCv    | Entered an ice cave
 11607 | IceCv    | Reached skill level 5 in Dodging
 12048 | D:13     | Identified the +7 dagger "Cugux" {pierce, rElec MP+9 Dex+2}
                  | (You found it on level 6 of the Dungeon)
 12244 | D:13     | Found Zaijad's Jewellery Boutique.
 12256 | D:13     | Found a shattered altar of Ashenzari.
 12339 | D:13     | Noticed a vault guard
 12393 | D:13     | Received a gift from Okawaru
 12412 | D:13     | Found Zogon's Antique Armour Shop.
 12419 | D:13     | Reached skill level 13 in Long Blades
 12642 | D:13     | Reached skill level 10 in Invocations
 12925 | D:8      | Killed bmj180's ghost
 13295 | Lair:1   | Entered Level 1 of the Lair of Beasts
 13331 | Lair:1   | Received a gift from Okawaru
 13332 | Lair:1   | Got a pair of slimy gloves {god gift}
 13349 | Lair:1   | Gained mutation: Your large and strong wings let you fly
                  | indefinitely. [Gargoyle growth]
 13349 | Lair:1   | Reached XP level 14. HP: 70/91 MP: 14/21
 13557 | Lair:1   | Reached skill level 1 in Spellcasting
 13640 | Lair:1   | Identified the +1 pair of gloves of the Centipede {rC+ rN+}
                  | (Okawaru gifted it to you on level 1 of the Lair of Beasts)
 14239 | Lair:2   | You fall into a shaft and drop 1 floor!
 15946 | Lair:3   | Found a staircase to the Shoals.
 16054 | Lair:4   | Noticed Snorg
 16070 | Lair:3   | Killed Snorg
 16089 | Lair:4   | Received a gift from Okawaru
 16350 | Lair:4   | Found a staircase to the Snake Pit.
 16356 | Lair:4   | Reached skill level 14 in Long Blades
 17851 | Lair:6   | Entered Level 6 of the Lair of Beasts
 18035 | Lair:6   | Found a staircase to the Slime Pits.
 18107 | Lair:6   | Reached XP level 15. HP: 85/97 MP: 20/22
 18457 | Lair:6   | Found a dark tunnel.
 18467 | Volcano  | Entered a volcano
 18705 | Volcano  | Found a bloodstained altar of Trog.
 18770 | Volcano  | Received a gift from Okawaru
 19220 | Lair:6   | Identified the Almanac of Sinister Magic and the Birds
 19760 | D:11     | Identified Vacoag's Catalogue of Greatest Risks and Utility
 19946 | D:13     | Reached skill level 5 in Spellcasting
 19993 | D:13     | Found a gate to the Vaults.
 20214 | D:14     | Reached skill level 15 in Long Blades
 20304 | D:14     | Noticed Josephine
 20316 | D:14     | Received a gift from Okawaru
 20324 | D:14     | Killed Josephine
 20383 | D:14     | Found a shattered altar of Ashenzari.
 20677 | D:14     | Got an ichor-stained great sword
 20684 | D:14     | Identified the +9 great sword "Zailut" {vamp, Dex+2} (You
                  | found it on level 14 of the Dungeon)
 20919 | D:15     | Entered Level 15 of the Dungeon
 21041 | D:15     | Reached XP level 16. HP: 102/104 MP: 21/23
 21193 | D:15     | Received a gift from Okawaru
 21226 | D:15     | Found a staircase to the Depths.
 21418 | D:15     | Found a sacrificial altar of Ru.
 21997 | D:15     | Got an encrusted ring mail
 22010 | D:15     | Identified the +2 ring mail of the Jolly Planets {Str+4}
                  | (You found it on level 15 of the Dungeon)
 22232 | Orc:1    | Entered Level 1 of the Orcish Mines
 22634 | Orc:1    | Received a gift from Okawaru
 22678 | Orc:1    | Found Cakukic's Jewellery Shop.
 22752 | D:13     | Bought a fine helmet for 361 gold pieces
 22752 | D:13     | Bought an ancient plate armour for 1064 gold pieces
 22762 | D:13     | Identified the +1 helmet of the Enchanted Forest {*Drain
                  | Int+4 SInv} (You bought it in a shop on level 13 of the
                  | Dungeon)
 22774 | D:13     | Identified the cursed +1 plate armour "Neakhlep" {+Blink
                  | rCorr Int-2} (You bought it in a shop on level 13 of the
                  | Dungeon)
 22904 | Orc:2    | Entered Level 2 of the Orcish Mines
 23029 | Orc:2    | Found a staircase to the Elven Halls.
 23139 | Orc:2    | Noticed Donald
 23148 | Orc:2    | Noticed Jorgrun
 23152 | Orc:2    | Killed Donald
 23162 | Orc:2    | Killed Jorgrun
 23326 | Orc:2    | Found a gate leading to a gauntlet.
 23338 | Gauntlet | Entered a Gauntlet
 23338 | Gauntlet | Found a transporter.
 23338 | Gauntlet | Found a transporter.
 23338 | Gauntlet | Found a transporter.
 23343 | Gauntlet | Found a transporter.
 23343 | Gauntlet | Found a transporter.
 23356 | Gauntlet | Found the -2 hat of the Alchemist {rElec rPois rF+ rC+ rN+
                  | MR+ rMut rCorr}
 23357 | Gauntlet | Found a transporter.
 23358 | Gauntlet | Found a transporter.
 23367 | Gauntlet | Found a transporter.
 23455 | Gauntlet | Found a transporter.
 23469 | Gauntlet | Found a transporter.
 23473 | Gauntlet | Found a transporter.
 23483 | Gauntlet | Found a transporter.
 23546 | Gauntlet | Noticed a shadow dragon
 23546 | Gauntlet | a frost giant changed into a shadow dragon
 23552 | Gauntlet | a shadow dragon changed into a frost giant
 23593 | Gauntlet | Reached skill level 16 in Long Blades
 23741 | Orc:2    | Noticed Saint Roka
 24201 | Orc:2    | Found a roughly hewn altar of Beogh.
 24248 | Orc:2    | Killed Saint Roka
 24540 | Orc:2    | Found Zipt's Antique Armour Shoppe.
 24540 | Orc:2    | Found Meng's Book Shop.
 24589 | Orc:2    | Found Nemisu's Distillery.
 24589 | Orc:2    | Found Xam Qaho's Distillery.
 24902 | Orc:1    | Bought the ring "Ciufopsayp" {rC- Dex+6 Slay+6 Stlth+} for
                  | 829 gold pieces
 24950 | Orc:2    | Bought a potion of might for 60 gold pieces
 24950 | Orc:2    | Bought a potion of heal wounds for 75 gold pieces
 24959 | Orc:2    | Bought a potion of heal wounds for 85 gold pieces
 24959 | Orc:2    | Bought a potion of berserk rage for 85 gold pieces
 25132 | Shoals:1 | Entered Level 1 of the Shoals
 25142 | Shoals:1 | Received a gift from Okawaru
 25232 | Shoals:1 | Reached XP level 17. HP: 111/111 MP: 20/24
 26335 | Shoals:2 | Received a gift from Okawaru
 26637 | Shoals:2 | Cast into level 3 of the Abyss (merfolk impaler)
 26702 | Abyss:3  | Reached skill level 17 in Long Blades
 26725 | Abyss:3  | Received a gift from Okawaru
 26737 | Abyss:3  | Noticed a hellephant
 26779 | Abyss:4  | Noticed a quicksilver dragon
 26785 | Abyss:4  | Noticed a tentacled starspawn
 26799 | Abyss:4  | Killed a quicksilver dragon
 26802 | Abyss:4  | Killed a tentacled starspawn
 26864 | Abyss:4  | Reached skill level 15 in Fighting
 26877 | Shoals:2 | Escaped the Abyss
 26882 | Shoals:2 | Reached skill level 15 in Armour
 27196 | Shoals:2 | Reached skill level 10 in Dodging
 27287 | Shoals:3 | Noticed Polyphemus
 27344 | Shoals:3 | Killed Polyphemus
 27344 | Shoals:3 | Reached XP level 18. HP: 92/119 MP: 8/25
 27525 | Shoals:3 | Noticed Bai Suzhen
 27584 | Shoals:2 | Killed Bai Suzhen
 27653 | Shoals:3 | Received a gift from Okawaru
 28543 | Shoals:4 | Entered Level 4 of the Shoals
 28567 | Shoals:4 | Found Nuderur's Antique Weapon Shop.
 28817 | Shoals:4 | Noticed Aizul
 28832 | Shoals:4 | Killed Aizul
 28974 | Shoals:4 | Reached skill level 18 in Long Blades
 29522 | Shoals:4 | Got a barnacled rune of Zot
 29896 | Snake:1  | Entered Level 1 of the Snake Pit
 29950 | Snake:1  | Received a gift from Okawaru
 30372 | Snake:1  | Reached XP level 19. HP: 120/125 MP: 23/26
 31083 | Snake:2  | Noticed Kirke
 31219 | Snake:2  | Killed Kirke
 31281 | Snake:2  | Noticed Louise
 31297 | Snake:2  | Killed Louise
 31404 | Snake:2  | Noticed Vashnia
 31440 | Snake:2  | Killed Vashnia
 31568 | Snake:2  | Received a gift from Okawaru
 31571 | Snake:2  | Got a polished great sword {god gift}
 31572 | Snake:2  | Identified the +6 great sword of the Crypt {drain, rPois
                  | MR+} (Okawaru gifted it to you on level 2 of the Snake Pit)
 32796 | Snake:3  | Received a gift from Okawaru
 32799 | Snake:3  | Got a brightly glowing ring mail {god gift}
 32810 | Snake:3  | Identified the +0 ring mail of Negligence {*Corrode Int+9
                  | Stlth+} (Okawaru gifted it to you on level 3 of the Snake
                  | Pit)
 32927 | Snake:3  | Found Peutruydd's Armour Boutique.
 33130 | Snake:3  | Reached skill level 19 in Long Blades
 33361 | Snake:4  | Entered Level 4 of the Snake Pit
 33366 | Snake:4  | Noticed Asterion
 33387 | Snake:4  | Killed Asterion
 33806 | Snake:4  | Reached XP level 20. HP: 108/132 MP: 22/27
 34874 | Snake:4  | Received a gift from Okawaru
 34884 | Snake:4  | Got a smoking falchion {god gift}
 35147 | Snake:4  | Got a serpentine rune of Zot
 35149 | Snake:4  | Identified the +2 falchion "Poroadono" {freeze, rF+++ Int+2
                  | SInv Stlth+} (Okawaru gifted it to you on level 4 of the
                  | Snake Pit)
 35839 | Vaults:1 | Entered Level 1 of the Vaults
 35908 | Vaults:1 | Noticed Nikola
 35949 | Vaults:1 | Killed Nikola
 36447 | Vaults:1 | Received a gift from Okawaru
 36629 | Vaults:1 | Got a steaming plate armour {god gift}
 36640 | Vaults:1 | Identified the +0 plate armour of Protective Custody {rElec
                  | Str+2 SInv} (Okawaru gifted it to you on level 1 of the
                  | Vaults)
 36772 | Vaults:1 | You are sucked into a shaft and drop 1 floor!
 36882 | Vaults:2 | Noticed Mennas
 36914 | Vaults:2 | Killed Mennas
 36914 | Vaults:2 | Reached skill level 20 in Long Blades
 36922 | Vaults:2 | Found Imameew's Assorted Antiques.
 36930 | Vaults:2 | Bought a fine glass ring for 170 gold pieces
 37133 | Orc:2    | Bought a potion of curing for 51 gold pieces
 37133 | Orc:2    | Bought 2 potions of curing for 102 gold pieces
 37133 | Orc:2    | Bought a potion of curing for 51 gold pieces
 37142 | Orc:2    | Bought a potion of curing for 45 gold pieces
 37142 | Orc:2    | Bought a potion of curing for 45 gold pieces
 37142 | Orc:2    | Identified the ring "Idasid Jomo" {Ice *Drain rElec SInv}
                  | (You bought it in a shop on level 2 of the Vaults)
 37275 | D:11     | You paid a toll of 15 potions of curing to enter a treasure
                  | trove
 37276 | Trove    | Entered a treasure trove
 37286 | Trove    | Got a crude bronze amulet
 37295 | Trove    | Got a fine chain mail
 37324 | D:11     | Identified the +1 chain mail of Sloth {Slay+3} (You found
                  | it in a treasure trove)
 37325 | D:11     | Identified the amulet of Wu Jian's Displeasure {Gourm rElec
                  | rC++} (You found it in a treasure trove)
 37692 | Vaults:1 | Reached XP level 21. HP: 128/140 MP: 26/28
 37818 | Vaults:1 | Found Pyonekhink's Gadget Shop.
 37919 | Vaults:2 | Learned a level 1 spell: Confusing Touch
 38512 | Vaults:2 | Found a staircase to the Crypt.
 38687 | Vaults:2 | You are sucked into a shaft and drop 1 floor!
 38973 | Vaults:3 | Received a gift from Okawaru
 38979 | Vaults:3 | Got a bronze crystal plate armour {god gift}
 38990 | Vaults:3 | Identified the +0 crystal plate armour "Fasmenin" {rElec
                  | rPois rF+ Str-3} (Okawaru gifted it to you on level 3 of
                  | the Vaults)
 40912 | Vaults:4 | Received a gift from Okawaru
 40913 | Vaults:4 | Found the +27 Lear's hauberk
 41137 | Vaults:4 | Reached XP level 22. HP: 147/147 MP: 29/29
 41199 | Vaults:4 | Reached skill level 21 in Long Blades
 41696 | Vaults:4 | Found the +3 hat of Pondering {ponderous, MR+ MP+10 Int+5}
 41712 | Vaults:4 | Found a radiant altar of Vehumet.
 41718 | Vaults:4 | Got a pitted hat
 41725 | Vaults:4 | Got a creamy pearl robe
 41738 | Vaults:4 | Identified the +2 hat of Inevitability {-Tele rCorr Dex+2}
                  | (You found it on level 4 of the Vaults)
 41774 | Vaults:4 | Identified the +1 robe "Saeggiel" {+Inv +Fly} (You found it
                  | on level 4 of the Vaults)
 42554 | Elf:1    | Entered Level 1 of the Elven Halls
 42800 | Elf:1    | Identified Sif Muna's Grimoire of Evil
 43108 | Elf:1    | Reached skill level 1 in Hexes
 43154 | Elf:1    | Received a gift from Okawaru
 43665 | Elf:2    | Received a gift from Okawaru
 43706 | Elf:2    | Found a runed translucent gate.
 43710 | Elf:2    | Found a runed translucent gate.
 43710 | Elf:2    | Found a runed translucent gate.
 44391 | Elf:2    | Received a gift from Okawaru
 44412 | Elf:2    | Got a warped great sword {god gift}
 44413 | Elf:2    | Identified the +5 great sword of Zinuu {speed, Str+3}
                  | (Okawaru gifted it to you on level 2 of the Elven Halls)
 44706 | Elf:3    | Entered Level 3 of the Elven Halls
 44761 | Elf:3    | Found a magical portal.
 44919 | WizLab   | Reached XP level 23. HP: 153/153 MP: 30/30
 45078 | WizLab   | Paralysed by a floating eye for 2 turns
 45120 | WizLab   | Got a twitching golden amulet
 45123 | WizLab   | Identified the amulet "Karant" {Harm *Drain rN+ Dex-3
                  | Stlth+} (You found it in a wizard's laboratory)
 45227 | WizLab   | Identified Segidghi's Almanac of Transmutation
 45235 | WizLab   | Identified Sif Muna's Catalogue of Moulding
 45237 | WizLab   | Identified Cigotuvi's Compendium of Transmigration
 45407 | WizLab   | Received a gift from Okawaru
 45862 | Elf:3    | Killed from afar by a deep elf high priest

Levels and vault maps discovered:
D:1:      tarquinn_simple_flora_water_a, layout_basic, hex_large,
          glass_columns_a, hangedman_decor_peaks_small, minmay_vboxes
D:2:      layout_loops_ring, lemuel_round_altar, bloody_trog
D:3:      layout_basic, nicolae_overflow_crystal_walls, first_ration
D:4:      layout_basic, okawaru_metal_pillars_1_2, serial_shops,
          nicolae_shop_stone, kennysheep_big_empty_room, uniq_natasha
D:5:      layout_loops_corners, grunt_temple_overflow_open, temple_doors_e,
          nrook_uturn, grunt_dithmenos_smoke_and_mirrors,
          uniq_crazy_yiuf_cottage, uniq_duvessa
D:6:      layout_cave_pools, uniq_eustachio
D:7:      lemuel_ice_spiral_2, layout_basic, marbit_many_paths
D:8:      layout_basic, gammafunk_ghost_berserking_beasts, uniq_pikel,
          uniq_maurice, uniq_erica
D:9:      layout_cave_pods, lemuel_doored_altar, the_bakery,
          kennysheep_generic_room_7
D:10:     layout_gridville, lair_entry_dummy, basic_altar
D:11:     minmay_weird_star, layout_long_grid, enter_trove_5, uniq_fannar,
          uniq_urug
D:12:     layout_cave_pools, orc_0_dummy
D:13:     layout_loops_ring, grunt_vaults_entry_fortified, basic_altar,
          portal_ice_cave_entry_pillars_1, serial_shops, kennysheep_mini,
          nicolae_shop_overgrown_old_shop, jmf_multi_god_temple
D:14:     layout_loops_cross, evilmike_ruin_ashenzari,
          nicolae_underground_beach, uniq_josephine
D:15:     gammafunk_depths_entry_grave, layout_gridville,
          nicolae_ru_sacrificial_ziggurat
Lair:1:   beast_lair_carwin_large_3, layout_loops_ring
Lair:2:   layout_regular_city, grunt_forest_stairs_clearing
Lair:3:   layout_cave_shapes, elwin_shoals_entry_rooms, serial_bayou_lake_a,
          lemuel_fruit_fields
Lair:4:   layout_long_grid, guppyfry_snake_entry_island, ice2_lemuel, uniq_snorg
Lair:5:   layout_layer_cave
Lair:6:   due_jungle_book, layout_gridlike, slime_dummy,
          nicolae_volcano_entry_batcave
Shoals:1: layout_shoals, nicolae_shoals_square_sea_wall
Shoals:2: layout_shoals
Shoals:3: layout_shoals, uniq_polyphemus, uniq_bai_suzhen
Shoals:4: shoals_end_grunt_ice, layout_shoals, serial_shops, shop_statue,
          uniq_aizul
Snake:1:  layout_chambers
Snake:2:  layout_chambers, st_stairs_4, nicolae_snake_salamander_stairs,
          uniq_louise, uniq_vashnia, uniq_kirke
Snake:3:  layout_onion, serial_shops, shop, st_stairs_2,
          nicolae_snake_round_shape_thing, serial_bayou_pond_a,
          nicolae_snake_linked_coils
Snake:4:  johnstein_snake_rune_scales, layout_chambers, serial_bayou_pond_e,
          statue_in_the_mist_lemuel, uniq_asterion
Orc:1:    layout_diamond_mine, serial_shops, shop, nicolae_orc_pool_cavern
Orc:2:    st_orc_town, layout_caves, gauntlet_entry_generic, uniq_donald,
          uniq_saint_roka, uniq_jorgrun
Elf:1:    elf_arrival_001, layout_onion_city, minmay_elf_necromancy
Elf:2:    layout_gridlike
Elf:3:    minmay_elf_hall_golems, layout_loops_cross, mu_enter_wizlab_2,
          drop_trap
Vaults:1: v_misc_13, vaults_room_boxed, vaults_room_large_hall, v_rooms_6,
          nicolae_vaults_yaktaur_gun_rack, ontoclasm_vaults_pinch,
          nicolae_vaults_little_squares_2, vaults_dpeg_diagonal,
          ontoclasm_vaults_ring_small, nicolae_vaults_an_arrangement,
          layout_vaults_big_room, serial_shops, shop, uniq_nikola
Vaults:2: v_misc_12, vaults_dpeg_hooks, ontoclasm_vaults_shuriken,
          ontoclasm_vaults_claustrophobia, grunt_vaults_swirl, v_rooms_5,
          v_misc_26, vaults_room_pools, layout_vaults_omnigrid,
          minmay_crypt_entry_simple_round, serial_shops, shop, uniq_mennas
Vaults:3: st_cells, vaults_room_semicircle, v_rooms_5,
          nicolae_vaults_mini_display_case, v_misc_18, v_misc_29,
          nicolae_vaults_little_squares_6, hangedman_vaults_variations,
          v_misc_4, vaults_dpeg_ring, layout_vaults_ring
Vaults:4: grunt_vaults_funnel, v_misc_32, nicolae_vaults_alarming, v_misc_27,
          vaults_mumra_lcd, vaults_room_octagon,
          vaults_mumra_minichess_inversion, v_rooms_3, v_misc_16,
          grunt_tower_of_power, nicolae_vaults_specimen_jars,
          ontoclasm_vaults_gateway, v_misc_23, layout_vaults_maze

Skill      XL: |  1  2  3  4  5  6  7  8  9 10 11 12 13 14 15 16 17 18 19 20 21 22 23 |
---------------+----------------------------------------------------------------------+-----
Long Blades    | 2 3 4 5 6 8 9 11 12 13 14 15 16 17 18 19 20 21 | 21.7
Fighting       | 4 5 6 7 8 9 10 11 12 13 14 15 16 17 18 19 | 19.0
Armour         | 4 5 6 7 8 9 10 11 12 13 14 15 16 17 18 19 | 19.0
Shields        | 4 5 6 7 |  7.3
Invocations    | 2 4 6 7 9 10 | 10.0
Dodging        | 2 4 5 6 8 9 10 11 12 13 | 13.9
Spellcasting   | 3 5 |  5.0
Hexes          | 3 4 |  4.1

Action                   |  1- 3 |  4- 6 |  7- 9 | 10-12 | 13-15 | 16-18 | 19-21 | 22-24 || total
-------------------------+-------+-------+-------+-------+-------+-------+-------+-------++-------
Melee: Long sword        |    86 |   220 |   174 |    57 |       |       |       |       ||   537
       Falchion          |       |       |   218 |       |       |       |       |       ||   218
       Scimitar          |       |       |       |   554 |  1346 |       |       |       ||  1900
       Unarmed           |       |       |       |    24 |       |       |       |       ||    24
       Dagger            |       |       |       |       |    10 |       |       |       ||    10
       Great sword       |       |       |       |       |    36 |  1320 |  1427 |   872 ||  3655
Invok: Heroism           |       |       |       |       |     1 |       |       |       ||     1
 Abil: Fly               |       |       |       |       |     1 |       |       |       ||     1
Evoke: Wand              |       |       |     2 |     2 |       |     5 |       |     1 ||    10
  Use: Scroll            |       |     8 |     8 |     4 |     8 |     4 |     9 |     8 ||    49
       Potion            |       |     1 |     4 |     1 |     1 |     8 |     2 |       ||    17
 Stab: Confused          |       |       |       |     4 |       |       |       |       ||     4
       Distracted        |       |       |       |       |     1 |       |       |       ||     1
       Invisible         |       |       |       |       |     5 |     8 |       |       ||    13
  Eat: Chunk             |     1 |     5 |     9 |    16 |    32 |    33 |    26 |    14 ||   136
       Ration            |       |       |     1 |       |     1 |       |     3 |     1 ||     6
Armor: Scale mail        |    49 |   115 |   210 |       |   339 |       |       |       ||   713
       Chain mail        |       |       |     6 |   282 |    74 |       |       |       ||   362
       Skin              |       |       |     1 |     7 |       |       |       |       ||     8
       Plate armour      |       |       |       |       |   194 |  1357 |   864 |     1 ||  2416
       Crystal plate arm |       |       |       |       |       |       |   213 |   518 ||   731
Dodge: Dodged            |    34 |    68 |   109 |   344 |   863 |  1310 |  1018 |   338 ||  4084
       Deflected         |       |       |       |     9 |     5 |       |       |       ||    14
Block: Shield            |    38 |    99 |   168 |       |       |       |       |       ||   305
       Buckler           |       |       |    26 |   196 |   418 |       |       |       ||   640
       Rpst.: Long sword |    17 |    18 |    17 |     6 |       |       |       |       ||    58
       Falchion          |       |       |    16 |       |       |       |       |       ||    16
       Scimitar          |       |       |       |    84 |   215 |       |       |       ||   299
       Great sword       |       |       |       |       |    11 |   283 |   224 |    72 ||   590

Table legend:
 A = Non-vault XP
 B = Vault XP
 C = Vault XP percentage of total XP
 D = Non-vault monster count
 E = Vault monster count
 F = Vault count percentage of total count
                 A         B        C        D         E       F
            +---------+---------+-------+---------+---------+-------
      Total |  428207 |  324711 |  43.1 |    1204 |     571 |  32.2
            +---------+---------+-------+---------+---------+-------
        D:1 |      28 |      17 |  37.8 |       9 |       8 |  47.1
        D:2 |     101 |       0 |   0.0 |      19 |       0 |   0.0
        D:3 |     164 |       0 |   0.0 |      28 |       0 |   0.0
        D:4 |     316 |      36 |  10.2 |      17 |       1 |   5.6
        D:5 |    1020 |     269 |  20.9 |      24 |       3 |  11.1
        D:6 |     507 |     217 |  30.0 |      21 |       1 |   4.5
        D:7 |    1641 |       0 |   0.0 |      30 |       0 |   0.0
        D:8 |    1092 |    3809 |  77.7 |      23 |       8 |  25.8
        D:9 |    1211 |     624 |  34.0 |      16 |       3 |  15.8
       D:10 |    5068 |       0 |   0.0 |      38 |       0 |   0.0
       D:11 |    8512 |    2816 |  24.9 |      37 |       3 |   7.5
       D:12 |    8211 |       0 |   0.0 |      42 |       0 |   0.0
       D:13 |    9538 |   11206 |  54.0 |      48 |      14 |  22.6
       D:14 |    9428 |    2524 |  21.1 |      23 |       8 |  25.8
       D:15 |   19008 |    3857 |  16.9 |      53 |       8 |  13.1
     Lair:1 |    4114 |    2297 |  35.8 |      17 |      11 |  39.3
     Lair:2 |     858 |    1003 |  53.9 |       6 |       6 |  50.0
     Lair:3 |    8693 |    1145 |  11.6 |      38 |       1 |   2.6
     Lair:4 |    6773 |    2188 |  24.4 |      31 |      14 |  31.1
     Lair:5 |    2625 |       0 |   0.0 |      11 |       0 |   0.0
     Lair:6 |   11574 |    3403 |  22.7 |      27 |       8 |  22.9
   Shoals:1 |   23439 |       0 |   0.0 |      42 |       0 |   0.0
   Shoals:2 |   25566 |    5294 |  17.2 |      48 |       1 |   2.0
   Shoals:3 |   19818 |    5847 |  22.8 |      44 |       6 |  12.0
   Shoals:4 |   13281 |   22156 |  62.5 |      28 |      36 |  56.2
    Snake:1 |   18478 |     396 |   2.1 |      29 |       2 |   6.5
    Snake:2 |   18044 |   14116 |  43.9 |      33 |      14 |  29.8
    Snake:3 |   25143 |     548 |   2.1 |      59 |       2 |   3.3
    Snake:4 |   28509 |   38288 |  57.3 |      53 |      62 |  53.9
      Orc:1 |    2847 |       0 |   0.0 |      28 |       0 |   0.0
      Orc:2 |    1852 |   18619 |  91.0 |      31 |      78 |  71.6
      Elf:1 |    6695 |    5168 |  43.6 |      12 |      12 |  50.0
      Elf:2 |   21446 |   23378 |  52.2 |      40 |      31 |  43.7
      Elf:3 |   15647 |   16352 |  51.1 |      24 |      13 |  35.1
   Vaults:1 |   14323 |   20617 |  59.0 |      36 |      24 |  40.0
   Vaults:2 |   17801 |   15123 |  45.9 |      32 |      17 |  34.7
   Vaults:3 |   34432 |   30789 |  47.2 |      59 |      37 |  38.5
   Vaults:4 |   27081 |   28631 |  51.4 |      30 |      37 |  55.2
    Abyss:3 |    3285 |       0 |   0.0 |       6 |       0 |   0.0
    Abyss:4 |    9476 |       0 |   0.0 |      10 |       0 |   0.0
      IceCv |       0 |    4535 | 100.0 |       0 |      21 | 100.0
    Volcano |       0 |    7311 | 100.0 |       0 |      17 | 100.0
     WizLab |       0 |   27858 | 100.0 |       0 |      55 | 100.0
   Gauntlet |     562 |    4274 |  88.4 |       2 |       9 |  81.8
            +---------+---------+-------+---------+---------+-------
